 Dungeon Crawl Stone Soup version 0.29.0-5-ge4962eb29e (webtiles) character file.

Game seed: 7090590289715885849

23 sanka the Ducker (level 3, 0/24 HPs)
             Began as a Merfolk Air Elementalist on Aug 28, 2022.
             Slain by a jackal (3 damage)
             ... on level 1 of the Dungeon.
             The game lasted 00:01:30 (1453 turns).

sanka the Ducker (Merfolk Air Elementalist)         Turns: 1453, Time: 00:01:31

Health: 0/24       AC:  2    Str: 14    XL:     3   Next: 0%
Magic:  1/6        EV: 14    Int: 14    God:
Gold:   77         SH:  0    Dex: 16    Spells: 5/6 levels left

rFire   . . .      SeeInvis .   (no weapon)
rCold   . . .      Faith    .   (no shield)
rNeg    . . .      Spirit   .   a - +0 robe
rPois   .          Reflect  .   (no helmet)
rElec   .          Harm     .   (no cloak)
rCorr   .          Rampage  .   (no gloves)
Will    .....                   (no boots)
Stlth   ++........              (no amulet)
HPRegen 0.08/turn               e - +6 ring of strength
MPRegen 0.10/turn               (no ring)

@: no status effects
A: (nimble swimmer 2), mertail
a: no special abilities


You were on level 1 of the Dungeon.
You visited 1 branch of the dungeon, and saw 1 of its levels.

You collected 77 gold pieces.


Innate Abilities, Weirdness & Mutations

((You are very nimble when in or above water. (Stealth+, EV+, Speed+++)))
Your lower body shifts to a powerful aquatic tail in water.


   Skills:
 + Level 4.5 Dodging
 - Level 2.1 Stealth
 - Level 2.0 Spellcasting
 - Level 0.7 Conjurations
 - Level 2.4 Air Magic


You had 5 spell levels left.
You knew the following spells:

 Your Spells              Type           Power      Damage    Failure   Level
z - Shock                 Conj/Air       20%        1d4       13%         1

Your spell library contained the following spells:

 Spells                   Type           Power      Damage    Failure   Level
 Static Discharge         Conj/Air       5%         3-4/arc   19%         2
 Poisonous Vapours        Pois/Air       8%         N/A       22%         2
 Apportation              Tloc           2%         N/A       24%         1
 Sting                    Tmut/Pois      4%         1d3       24%         1
 Swiftness                Air            8%         N/A       26%         3
 Airstrike                Air            4%         2d(1-17)  65%         4
 Olgreb's Toxic Radiance  Pois           1%         N/A       93%         4
 Alistair's Intoxication  Tmut/Pois      0%         N/A       100%        5

Inventory:

Armour
 a - a +0 robe (worn)
Jewellery
 e - a +6 ring of strength (left hand)
Scrolls
 c - a scroll of amnesia {unknown}
Potions
 b - a potion of magic
 d - 2 potions of heal wounds {unknown}

Dungeon Overview and Level Annotations

Branches:
Dungeon (1/15)

Altars:

▒.▒ ▒▒...▒▒ ▒.▒▒.▒▒
▒.▒ ▒▒'▒▒ ▒.....(
▒.▒ ▒▒▒▒.▒▒ ▒.▒ ▒.▒
▒▒.▒▒ ▒.▒ ▒▒...▒▒
▒.▒
▒.....▒▒▒▒▒▒▒▒▒.▒
▒▒▒▒...▒▒▒........▒
▒.hm.......▒▒▒▒▒▒▒▒
......▒▒▒▒▒▒▒▒▒▒
▒▒▒▒▒


You could see a jackal.


Message History

The jackal barely misses you. The jackal barely misses you.
The zap misses the jackal.
The jackal barely misses you.
You closely miss the jackal. The jackal barely misses you.
The jackal bites you.
* * * LOW HITPOINT WARNING * * *
You hit the jackal but do no damage. The jackal bites you.
* * * LOW HITPOINT WARNING * * *
You hit the jackal but do no damage.
The jackal bites you but does no damage.
You hit the jackal.
The jackal is heavily wounded.
The jackal closely misses you. The jackal bites you.
* * * LOW HITPOINT WARNING * * *
You barely miss the jackal.
The jackal is heavily wounded.
The jackal closely misses you.
You closely miss the jackal. You punch the jackal.
The jackal is almost dead.
The jackal closely misses you. The jackal closely misses you.
You hit the jackal but do no damage.
The jackal is almost dead.
The jackal bites you.
You die...

Action                   || total
-------------------------++-------
Melee: Unarmed           ||    94
       Punch             ||     1
 Cast: Shock             ||    33
 Stab: Sleeping          ||     2
Armor: Robe              ||    21
Dodge: Dodged            ||    81

Levels and vault maps discovered:
D:1:      dpeg_arrival_windows_large_door, layout_loops_corners

Notes
Turn   | Place    | Note
-------+----------+-------------------------------------------
     0 | D:1      | sanka the Merfolk Air Elementalist began the quest for the
                  | Orb.
     0 | D:1      | Reached XP level 1. HP: 13/13 MP: 3/3
   142 | D:1      | Reached skill level 3 in Dodging
   574 | D:1      | Reached XP level 2. HP: 19/19 MP: 1/5
  1038 | D:1      | Reached skill level 4 in Dodging
  1445 | D:1      | Reached XP level 3. HP: 7/24 MP: 2/6
  1453 | D:1      | Slain by a jackal

Vanquished Creatures
  4 ball pythons (D:1)
  A bat (D:1)
  2 endoplasms (D:1)
  5 giant cockroaches (D:1)
  2 hobgoblins (D:1)
  3 jackals (D:1)
  A frilled lizard (D:1)
  A rat (D:1)
19 creatures vanquished.
